 Dungeon Crawl Stone Soup version 0.29.1-13-g9f3cf754e1 (webtiles) character file.

Game seed: 9942389852202446237

496 shadowmeld the Ducker (level 7, -1/49 HPs)
             Began as a Djinni Transmuter on Jan 30, 2023.
             Slain by a black bear (2 damage)
             ... on level 4 of the Dungeon.
             The game lasted 00:17:21 (4639 turns).

shadowmeld the Ducker (Djinni Transmuter)           Turns: 4639, Time: 00:17:22

Health: -1/49      AC:  7    Str:  9    XL:     7   Next: 38%
Gold:   70         EV: 13    Int: 17    God:
                   SH:  0    Dex: 13

rFire   + . .      SeeInvis .     - Unarmed
rCold   . . .      Faith    .   (no shield)
rNeg    . . .      Spirit   .   a - +0 robe
rPois   ∞          Reflect  .   (helmet currently unavailable)
rElec   .          Harm     .   (no cloak)
rCorr   .          Rampage  .   h - +0 pair of gloves
Will    .....                   (boots unavailable)
Stlth   +.........              (no amulet)
HPRegen 0.16/turn               g - ring of ice
MPRegen 0.00/turn               l - +4 ring of protection

@: appendages, flying
A: horns 2, flying, sickness immunity, fire resistance 2, cold vulnerability 1,
float, innate caster, HP casting, extra vitality 1
a: End Transformation


You were on level 4 of the Dungeon.
You had temporarily grown beastly horns.
You visited 1 branch of the dungeon, and saw 4 of its levels.

You collected 150 gold pieces.
You spent 80 gold pieces at shops.

Inventory:

Armour
 a - a +0 robe (worn)
 h - a +0 pair of gloves (worn)
Jewellery
 f - a ring of ice
 g - a ring of ice (left hand)
 k - an amulet of faith
 l - a +4 ring of protection (right hand)
 r - a ring of protection from fire
Scrolls
 d - a scroll of noise
 e - 3 scrolls of teleportation
 i - 3 scrolls of magic mapping
 m - 2 scrolls of fear
 n - 2 scrolls of brand weapon
 o - 2 scrolls of blinking {unknown}
 q - 2 scrolls of vulnerability
Potions
 b - 2 potions of curing
 c - 2 potions of heal wounds {unknown}
 j - a potion of attraction {unknown}
 p - a potion of degeneration {unknown}
 s - 2 potions of might {unknown}
 t - 2 potions of cancellation {unknown}


   Skills:
 * Level 2.7 Fighting
 * Level 4.8 Dodging
 - Level 3.5 Unarmed Combat
 * Level 4.1 Spellcasting


You couldn't memorise any spells.
You knew the following spells:

 Your Spells              Type           Power      Damage    Failure   Level
a - Beastly Appendage     Tmut           34%        N/A       2%          1
b - Wereblood             Tmut           17%        N/A       4%          2
c - Spider Form           Tmut/Pois      17%        N/A       9%          3
d - Ice Form              Ice/Tmut       26%        N/A       28%         4
e - Magic Dart            Conj           68%        1d6       2%          1
f - Ensorcelled Hibernat  Hex/Ice        52%        N/A       4%          2
g - Call Imp              Summ           17%        N/A       4%          2
Your spell library was empty.

Dungeon Overview and Level Annotations

Branches:
Dungeon (4/15)
 Temple: D:4-7

Altars:

Shops:
D:1 !

Annotations:
D:4 1 runed translucent door, Crazy Yiuf


Innate Abilities, Weirdness & Mutations

You have temporarily grown beastly horns.
You are flying.
You are immune to sickness and miasma.
You are immune to poison.
Your flesh is very heat resistant. (rF++)
You are vulnerable to cold. (rC-)
You float through the air rather than walking.
You learn spells naturally, not from books.
Your magical power is your life essence.
You have superior vitality. (+4 MHP)


Message History

The black bear misses you.
You hit the black bear.
The black bear is severely wounded.
The black bear bites you. The black bear closely misses you.
The black bear claws you.
You hit the black bear but do no damage.
You headbutt the black bear.
The black bear is severely wounded.
The black bear goes berserk!
You hit the black bear.
The black bear is severely wounded.
The black bear misses you.
The black bear claws you but does no damage.
The black bear claws you.
You hit the black bear.
The black bear is severely wounded.
The black bear bites you. The black bear claws you.
The black bear closely misses you.
You hit the black bear. Your headbutt misses the black bear.
The black bear is almost dead.
The black bear bites you. The black bear barely misses you.
The black bear claws you.
The black bear bites you but does no damage.
The black bear closely misses you. The black bear claws you.
You barely miss the black bear.
The black bear is almost dead.
The black bear bites you!
* * * LOW HITPOINT WARNING * * *
The black bear completely misses you.
The black bear claws you but does no damage.
You feel better. The black bear bites you.
* * * LOW HITPOINT WARNING * * *
The black bear misses you. The black bear claws you.
* * * LOW HITPOINT WARNING * * *
You barely miss the black bear. You headbutt the black bear.
The black bear is almost dead.
The black bear closely misses you. The black bear claws you.
* * * LOW HITPOINT WARNING * * *
The black bear closely misses you. The black bear bites you.
You die...

#.##.##......#.......#
#.##.###...........###
####.###...#.#........
#............#..##.###
###.............##.#
#.....[####...##.###
#......# #...##....
#.)....# #.........
#..@...# #...##.##.
#..h...# #...##.##.
#...................
#......####...#....#
#........ ##..#....#
#......... #.>#....#
#.........##..#....#
#.........# .......
.....###


You could see a black bear (berserk).

Vanquished Creatures
  Grinder (D:3)
  A black bear (D:4)
  A hound (D:4)
  An iguana (D:4)
  11 adders
  3 dart slugs
  An orc (D:3)
  3 bats
  6 endoplasms
  3 goblins (D:1)
  3 hobgoblins
  4 jackals (D:1)
  3 quokkas
  4 ball pythons
  A frilled lizard (D:2)
  4 kobolds
  2 rats (D:1)
52 creatures vanquished.

Notes
Turn   | Place    | Note
-------+----------+-------------------------------------------
     0 | D:1      | shadowmeld the Djinni Transmuter began the quest for the
                  | Orb.
     0 | D:1      | shadowmeld set off with the following spells memorised:
                  | Beastly Appendage, Wereblood, Spider Form, Ice Form.
     0 | D:1      | Reached XP level 1. HP: 17/17 MP: 0/0
   204 | D:1      | Found Wiewn's Distillery.
   213 | D:1      | Bought a potion of curing for 30 gold pieces
   245 | D:1      | Reached XP level 2. HP: 11/22 MP: 0/0
   256 | D:1      | HP: 1/22 [jackal (2)]
   449 | D:1      | Found a faded altar of an unknown god.
  1355 | D:1      | Reached XP level 3. HP: 18/27 MP: 0/0
  1355 | D:1      | Learned a level 1 spell: Magic Dart
  1620 | D:1      | Bought a potion of berserk rage for 50 gold pieces
  1787 | D:2      | Reached XP level 4. HP: 8/32 MP: 0/0
  3106 | D:3      | Noticed Grinder
  3107 | D:3      | Paralysed by Grinder for 2 turns
  3130 | D:3      | Paralysed by Grinder for 5 turns
  3140 | D:3      | Killed Grinder
  3141 | D:3      | Reached XP level 5. HP: 14/38 MP: 0/0
  3141 | D:3      | Learned a level 2 spell: Ensorcelled Hibernation
  3141 | D:3      | Reached XP level 6. HP: 16/43 MP: 0/0
  3660 | D:4      | Noticed a black bear
  3677 | D:4      | Killed a black bear
  3678 | D:4      | Reached XP level 7. HP: 41/49 MP: 0/0
  3678 | D:4      | Learned a level 2 spell: Call Imp
  4584 | D:4      | Found a runed translucent door.
  4585 | D:4      | Noticed Crazy Yiuf
  4620 | D:4      | Identified the +6 short sword of Xamahom {vorpal, Int+4}
  4639 | D:4      | HP: 1/49 [black bear (2)]
  4639 | D:4      | Slain by a black bear

Illustrated notes

Levels and vault maps discovered:
D:1:      lemuel_arrival_river_passageway, layout_basic, serial_shops,
          nicolae_shop_waterfront, ebering_ecumenical_altar_mist,
          minmay_pentomino_r2
D:2:      layout_basic, serial_park_tiny_pond
D:3:      layout_basic, uniq_grinder
D:4:      kennysheep_six_static_rooms, layout_basic,
          hangedman_abyss_or_decor_lesser_grid, hangedman_minor_gate_pass,
          uniq_crazy_yiuf_cottage

Skill      XL: |  1  2  3  4  5  6  7 |
---------------+----------------------+-----
Spellcasting   | 2 3 4 |  4.1
Dodging        | 4 |  4.8
Fighting       | 2 |  2.7
Unarmed Combat | |  3.5

Action                   |  1- 3 |  4- 6 |  7- 9 || total
-------------------------+-------+-------+-------++-------
Melee: Unarmed           |    97 |    70 |    82 ||   249
       Headbutt          |    14 |    13 |     6 ||    33
       Punch             |     2 |       |       ||     2
 Cast: Beastly Appendage |    18 |    14 |     7 ||    39
       Magic Dart        |       |    29 |    30 ||    59
       Ensorcelled Hiber |       |       |     1 ||     1
  Use: Scroll            |     1 |     5 |       ||     6
       Potion            |     1 |     2 |     2 ||     5
Armor: Robe              |    20 |    32 |    33 ||    85
       Skin              |       |     4 |       ||     4
Dodge: Dodged            |    74 |    40 |    70 ||   184
